← All builds
Tech / Armada / Economy first / OBSERVED BUILD

Fast fusion

Armada Tech (Eco) build order · Supreme Isthmus

Standard T2 rush into an unusually early Fusion Reactor around 8:52 to push eco harder before transitioning into normal late defence.

Usually first T2 con to Geo (77%)

#eco #t2 · 199 distinct matches · 68 players · 6% of Armada Tech games · team won 59% of 204 · Recently observed

THE CATCH, AND WHAT COMES WITH IT
  • Fusion ReactorFusion Reactor from 8:50 · 12% of role by thenOnly 12% of Tech games have it by then; others who build it get it around 11:21

Then transitions into anti-nuke (31% of army), Armageddon (8% of army).

HOW TO PLAY IT

Key timing: Fusion Reactor by 10:00

  1. Run the standard T2 rush opening with Bot Lab then Advanced Bot Lab.
  2. Get the Advanced Bot Lab up on the usual fast timing.
  3. Upgrade to Advanced Metal Extractor on the normal schedule.
  4. Transition into the typical Citadel anti-nuke and Armageddon nuke silo army.
  5. Push an early Fusion Reactor, well ahead of the role's usual 12:03.

Phase by phase

TYPICAL OF ITS 199 GAMES · AGAINST STANDARD TECH
  1. 1
  2. 2
  3. 3
  4. 4
  5. 5
PLAY THE OPENING

Follow the example game's first 9:50 step by step: what to build now, what comes next, and where it goes. At 1× it keeps pace with your own game.

  1. 1

    Up to the Bot Lab

    Economy
    • Metal Extractor3Mex
    • Wind Turbine4Wind
    Order
    1. Bot LabBot Lab after 3 mex, 4 winddone ~1:15, middle half 1:09–1:29

    By 0:59 in all: 3 mex · 4 wind

    The example game in this phase · 3 steps
    1. Mex ×3
    2. Wind ×3
    3. Bot LabBot Labdone 1:09 · typical 1:15
  2. 2

    Bot Lab to Advanced Bot Lab

    Economy
    • Metal Extractor1Mex
    • Wind Turbine9Wind
    • Energy Storage1Energy storage
    Order
    1. Advanced Bot LabAdvanced Bot Lab after 4 mex, 12 wind, 3 con turretdone ~4:18, middle half 4:04–4:29
    Builders
    • Construction Turret3 Con turret
    • Lazarus4 Lazarus
    • Construction Bot2 Con bot
    • Construction Bot1 Con bot for allies

    Some games also: converter (48%)

    By 3:14 in all: 4 mex · 12 wind · 1 energy storage · 3 con turret

    The example game in this phase · 13 steps
    1. LazarusLazarus ×2
    2. Wind
    3. Construction BotCon bot
    4. Wind
    5. LazarusLazarus
    6. Construction BotCon botfor Air
    7. LazarusLazarus
    8. Mex
    9. Con turret
    10. Energy storage
    11. Con turret
    12. Converter
    13. Advanced Bot LabAdvanced Bot Labdone 4:26 · typical 4:18
  3. 3

    Advanced Bot Lab to 5:00

    Economy
    • Wind Turbine3Wind
    • Energy Converter1Converter
    Order
    1. Bot LabEat Bot Lab
    Builders
    • Advanced Construction Bot1 T2 con bot for allies

    By 5:00 in all: 4 mex · 17 wind · 3 converter (standard 1) · 1 energy storage · 3 con turret

    The example game in this phase · 9 steps
    1. Converter
    2. Wind
    3. Bot LabEat Bot Labreclaimed for its metal
    4. Wind ×3
    5. Converter ×2
    6. Advanced Construction BotT2 con botfor Air
    7. Converter
    8. Advanced Metal ExtractorT2 mexdone 5:19 · typical 5:22
    9. Wind
  4. 4

    5:00 to Fusion Reactor

    Economy
    • Wind Turbine25Wind
    • Energy Converter3Converter+2 vs standard
    Order
    1. Fusion ReactorFusion Reactor after 4 mex, 43 wind, 7 converterdone ~10:10, middle half 9:50–10:41
    Builders
    • Construction Turret1 Con turret
    • Butler6 Butler
    • Advanced Construction Bot3 T2 con bot for allies
    • Advanced Construction Bot1 T2 con bot

    By 8:50 in all: 4 mex · 43 wind · 7 converter (standard 4) · 1 energy storage · 3 con turret

    The example game in this phase · 12 steps
    1. ButlerButler
    2. Wind
    3. Advanced Metal ExtractorT2 mex
    4. Advanced Construction BotT2 con botfor Suicide front
    5. Wind ×7
    6. Advanced Metal ExtractorT2 mex
    7. Wind ×2
    8. Advanced Construction BotT2 con botfor Geo sea
    9. Wind ×3
    10. Advanced Metal ExtractorT2 mex
    11. Advanced Construction BotT2 con botfor Beach sea
    12. Fusion ReactorFusiondone 9:41 · typical 10:10
  5. 5

    Fusion Reactor to 15:00

    Economy
    • Wind Turbine79Wind−72 vs standard
    • Energy Converter46Converter
    Order
    1. Advanced Bot LabEat Advanced Bot Lab
    2. Fusion ReactorFusion after 85 wind, 17 converter, 7 con turretin 60% of games
    Builders
    • Construction Turret10 Con turret +3 vs standard

    Some games also: anti-nuke (50%) · Advanced Fusion Reactor (40%) · metal storage (37%) · Aircraft Plant (35%) · Butler (34%)

    The standard build makes here, this one skips: 6 Butler

    By 15:00 in all: 4 mex · 128 wind (standard 187) · 2 fusion · 54 converter · 1 energy storage · 1 metal storage

    The example game in this phase · 25 steps
    1. Advanced Construction BotT2 con bot
    2. Converter
    3. Advanced Fusion ReactorAdvanced Fusion Reactordone 13:11
    4. Converter
    5. Con turret ×2
    6. Converter
    7. ButlerButler
    8. Con turret
    9. Converter
    10. Con turret
    11. Converter
    12. Con turret ×2
    13. Converter
    14. Con turret
    15. Converter
    16. Con turret
    17. Converter
    18. Con turret ×5
    19. Advanced Bot LabEat Advanced Bot Labreclaimed for its metal
    20. T2 converter ×4
    21. CitadelAnti-nukedone 14:10
    22. Con turret ×7
    23. Metal storage
    24. Advanced Fusion ReactorAdvanced Fusion Reactor
    25. T2 converter ×2

Counts are medians over the build's games: half of them build more, half fewer. The example game is MightyElf01's (34 OS, 14/08/2026); pick another.

Team trades

IN AT LEAST 30% OF ITS GAMES

You hand over

  • Construction Bot1 Con bot to Airfirst at 2:22 · in 83% of games
  • Advanced Construction Bot5 T2 con bot to Air or Pond or Beach seafirst at 4:50 · in 100% of games

You get

  • Hercules1 Light transport from Airfirst at 3:55 · in 85% of games

How it plays out

Typical game of this build against the role’s standard build, running totals by minute

  • This build
  • Standard tech

Metal produced

020k40k
0:005:0010:0015:00

metal

Enemy metal destroyed

050100
0:005:0010:0015:00

metal

Own metal lost

050100150
0:005:0010:0015:00

metal

204 games.

Show as table
ByMetal produced: This buildMetal produced: Standard techEnemy metal destroyed: This buildEnemy metal destroyed: Standard techOwn metal lost: This buildOwn metal lost: Standard tech
1:003843830000
2:009179150000
3:00168416540000
4:00317631460000
5:00487548460000
6:00595858070000
7:00765372470000
8:00972490820000
9:0012147112140000
10:0015530135430000
11:0019582162590000
12:0023104196780000
13:0026728234650000
14:00307432735700074
15:003556731588099130130
WHAT THE NUMBERS SAY

Won more often than the standard build and pulled well ahead on metal production with almost no combat losses either way.

  • + Metal production at 15:00 reaches 36430 vs 31668 standard.
  • + Won more often than the standard build (60% vs 53%).
  • − Enemy metal destroyed by 15:00 is lower than standard (39 vs 266).
  • − Fusion push is purely economic, offering no early combat payoff.
THE EXAMPLE YOU ARE READING

MightyElf01

33.7 OS · 14/08/2026

Open source match ↗

1 received units
1844 metal received · 96769 energy received

Allied construction assistance is unknown. Timings are observations, not a promise of solo reproducibility.

Typical milestones

Bot Lab1:15Middle 50%: 1:09–1:29 · n=204
Advanced Bot Lab4:18Middle 50%: 4:04–4:29 · n=204
Advanced Metal Extractor5:22Middle 50%: 5:02–5:41 · n=204
Fusion Reactor10:10Middle 50%: 9:50–10:41 · n=191

Played most by

Teaner30games of this buildSyphos12games of this buildKOT_10games of this build[Grump]Grumpiness9games of this buildMightyElf018games of this build